 Dungeon Crawl Stone Soup version 0.31.0-9-g3a7656b989 (webtiles) character file.

Game seed: 16611962489865611537

9888 Nicoed the Grappler (level 11, -5/63 HPs)
             Began as an Octopode Shapeshifter on Feb 2, 2024.
             Was an Elder of Cheibriados.
             Shot with a bolt by a kobold blastminer (8 damage)
             ... on level 1 of the Orcish Mines.
             The game lasted 00:21:17 (9356 turns).

Nicoed the Grappler (Octopode Shapeshifter)         Turns: 9356, Time: 00:21:19

Health: -5/63      AC:  5    Str: 27    XL:     11   Next: 53%
Magic:  11/11      EV: 14    Int: 21    God:    Cheibriados [****..]
Gold:   640        SH:  0    Dex: 21    Spells: 10/10 levels left

rFire   . .          .
                       - Unarmed
rCold   . . .        (no shield)
rNeg    . . .        (helmet restricted)
rPois   .            t - amulet of the acrobat
rElec   .            g - +4 ring of protection
rCorr   .            (no ring)
SInv    .            (no ring)
Will    .....        (no ring)
Stlth   +++          (no ring)
HPRegen 0.30/turn    (no ring)
MPRegen 0.12/turn    (no ring)
                     (no ring)

%: acrobat
@: maw-form, very slow
A: devouring maw, almost no armour, amphibious, 8 rings, camouflage 1,
gelatinous body 1, (nimble swimmer 1), tentacles
a: Begin Untransformation, Renounce Religion, Bend Time, Temporal Distortion,
Slouch


You were on level 1 of the Orcish Mines.
You worshipped Cheibriados.
Cheibriados was greatly pleased with you.
You were a creature with a mouth for a stomach.
You visited 3 branches of the dungeon, and saw 11 of its levels.

You collected 712 gold pieces.
You spent 72 gold pieces at shops.

Inventory:

Missiles
 q - 2 curare-tipped darts (quivered)
Jewellery
 g - a +4 ring of protection (left tentacle)
 p - an amulet of magic regeneration
 t - an amulet of the acrobat (around mantle)
Talismans
 a - a maw talisman (active)
 b - a beast talisman
 c - a flux talisman
Wands
 n - a wand of digging (5)
 y - a wand of charming (5)
Scrolls
 d - a scroll of immolation
 f - a scroll of butterflies
 i - a scroll of fear
 m - a scroll of revelation
 o - a scroll of enchant armour
 s - a scroll of amnesia
 u - a scroll of torment
 v - 5 scrolls of teleportation
 w - a scroll of noise
 x - a scroll of enchant weapon
Potions
 h - a potion of mutation
 j - a potion of magic
 k - 6 potions of curing
 l - a potion of attraction
 r - 2 potions of haste
 z - a potion of brilliance {unknown}


   Skills:
 - Level 1.0 Fighting
 - Level 2.0 Dodging
 + Level 12.9 Unarmed Combat
 + Level 12.0 Shapeshifting


You had 10 spell levels left.
You didn't know any spells.
Your spell library contained the following spells:

 Spells                   Type           Power      Damage    Failure   Level
 Blink                    Tloc           0%         N/A       26%         2
 Cigotuvi's Dreadful Rot  Necr/Alch/Air  0%         N/A       26%         2
 Ensorcelled Hibernation  Hex/Ice        0%         N/A       26%         2
 Lesser Beckoning         Tloc           0%         N/A       26%         2
 Momentum Strike          Conj/Tloc      0%         3d8       26%         2
 Fugue of the Fallen      Necr           0%         N/A       47%         3
 Anguish                  Hex/Necr       0%         N/A       87%         4
 Ignite Poison            Fire/Alch      0%         N/A       87%         4
 Freezing Cloud           Conj/Ice/Air   0%         6-21      99%         5
 Sculpt Simulacrum        Ice/Alch       0%         N/A       100%        6
 Ozocubu's Refrigeration  Ice            0%         4d7       100%        7
 Polar Vortex             Ice            0%         N/A       100%        9


Dungeon Overview and Level Annotations

Branches:
Dungeon (9/15)             Temple (1/1) D:5            Lair (0/5) D:8
    Orc (1/2) D:9

Altars:
Ashenzari
Cheibriados
Dithmenos
Elyvilon
Fedhas
Gozag
Hepliaklqana
Kikubaaqudgha
Makhleb
Nemelex Xobeh
Okawaru
Qazlal
Ru
Sif Muna
Trog
Uskayaw
Vehumet
Xom
Yredelemnul
Zin
The Shining One

Shops:
D:2 *   D:3 (   D:6 (   Orc:1 ?


Innate Abilities, Weirdness & Mutations

You are a creature with a mouth for a stomach.
Your midsection houses a second, enormous mouth.
You cannot wear most types of armour.
You are amphibious.
You can wear up to eight rings at the same time.
Your skin changes colour to match your surroundings (Stealth+).
Your rubbery body absorbs attacks. (AC +1, EV +1)
((You are camouflaged when in or above water. (Stealth+)))
You have tentacles for arms and can constrict up to eight enemies at once.


Message History

Your Shapeshifting skill increases to level 12!
You closely miss the orc. You grab the orc. You tentacle-slap the orc.
You bite the orc.
You devour the orc!
You feel better.
You kill the orc!
Cheibriados appreciates the change of pace.
No target in view!
No target in view!
Things that are here:
a +0 heavy war axe; a +0 plate armour
Found a stone staircase leading down.
You now have 613 gold pieces (gained 20).
You see here a +0 dagger.
You now have 640 gold pieces (gained 27).
A kobold blastminer comes into view.
The kobold blastminer shouts!
The kobold blastminer wields a +0 arbalest.
The kobold blastminer shoots a bolt.
The bolt hits you!
A kobold blastminer comes into view.
The kobold blastminer shoots a bolt.
The bolt hits you!
The kobold blastminer shoots a bolt.
The bolt completely misses you.
The kobold blastminer shoots a bolt.
The bolt completely misses you.
The kobold blastminer shouts!
You hear a shout!
The kobold blastminer wields a +0 arbalest.
The kobold blastminer shoots a bolt.
The bolt completely misses you.
The kobold blastminer blasts its cannon at you.
The iron shot hits you!!
* * * LOW HITPOINT WARNING * * *
The kobold blastminer is knocked back by the blast.
The kobold blastminer blasts its cannon at you.
The iron shot misses you.
The kobold blastminer is knocked back by the blast.
The kobold blastminer shoots a bolt.
The bolt misses you.
The kobold blastminer shoots a bolt.
The bolt completely misses you.
You hear a shout!
As you read the scroll of fog, it dissolves into smoke.
The kobold blastminer shoots a bolt.
The bolt hits you!
* * * LOW HITPOINT WARNING * * *
The kobold blastminer shoots a bolt.
The bolt hits you!
You die...

.....#.## #.#.....#
##.....K## #.....K..# ##
#........##.##
#....#..#...#
#...#§§§...####
.#....§W§# ##..#
#.....§§§##.....
............#....>......#
...#.#..##......#....###
.........#.....##...#.##
#.........#............#
......#.............#.##
.....##.........#....##
......#..........#..#.#


You could see 2 kobold blastminers.

Vanquished Creatures
  A two-headed ogre (D:8)
  The ghost of Fv001 the Demonic Mishap, a novice DsFi of Qazlal (D:6)
  Pikel (D:5)
  A cyclops (D:9)
  Maggie (D:7)
  2 kobold demonologists
  A komodo dragon (D:8)
  2 trolls
  A shadow (D:9)
  6 yaks (D:8)
  2 wyverns
  2 steam dragons
  An acid dragon (D:8)
  3 water moccasins (D:7)
  4 black bears
  6 orc warriors
  2 ice beasts
  6 ogres
  5 centaurs
  A phantom (D:6)
  5 kobold brigands
  4 bullfrogs
  4 scorpions
  3 wights (D:9)
  10 killer bees
  2 howler monkeys (D:8)
  2 hounds
  A jelly (D:7)
  7 orc priests
  3 sleepcaps
  Natasha (D:2)
  5 iguanas
  7 orc wizards
  Robin (D:2)
  7 gnolls
  11 adders
  2 ufetubi (D:5)
  6 dart slugs
  2 ribbon worms (D:2)
  49 orcs
  3 ball pythons
  6 endoplasms
  A giant cockroach (D:1)
  22 goblins
  10 hobgoblins
  4 quokkas
  2 frilled lizards
  18 kobolds
  3 rats (D:2)
250 creatures vanquished.

Vanquished Creatures (others)
  A lemure (D:5)
  An orc (D:8)
2 creatures vanquished.

Grand Total: 252 creatures vanquished

Notes
Turn   | Place    | Note
-------+----------+-------------------------------------------
     0 | D:1      | Nicoed the Octopode Shapeshifter began the quest for the
                  | Orb.
     0 | D:1      | Reached XP level 1. HP: 13/13 MP: 1/1
   113 | D:1      | Reached XP level 2. HP: 18/18 MP: 2/2
   618 | D:2      | You fall into a shaft and drop 2 floors!
   666 | D:4      | Reached XP level 3. HP: 23/23 MP: 3/3
   720 | D:4      | Reached XP level 4. HP: 12/28 MP: 4/4
   888 | D:3      | Found Odieb's Antique Weapon Shop.
  1174 | D:2      | Noticed Natasha
  1180 | D:2      | Killed Natasha
  1181 | D:2      | Reached XP level 5. HP: 18/33 MP: 5/5
  1305 | D:2      | Found Rurgh's Assorted Antiques.
  1312 | D:2      | Bought a scroll labelled XEULONN ODUHUE for 25 gold pieces
  1312 | D:2      | Bought a brown potion for 22 gold pieces
  1312 | D:2      | Bought a scroll labelled BAMAQUDEKK for 25 gold pieces
  1633 | D:2      | Noticed Robin
  1673 | D:2      | Killed Robin
  1860 | D:2      | Found a faded altar of an unknown god.
  1953 | D:2      | Found a radiant altar of Vehumet.
  1963 | D:2      | Identified the +5 mace "Buyng" {antimagic, Dex+3}
  1974 | D:2      | Identified the +4 mace "Hesodgh" {spect, rCorr Dex+2}
  2318 | D:3      | Noticed an ogre
  2330 | D:3      | Killed an ogre
  2331 | D:3      | Reached skill level 5 in Unarmed Combat
  2331 | D:3      | Reached skill level 5 in Shapeshifting
  2331 | D:3      | Reached XP level 6. HP: 27/38 MP: 6/6
  3471 | D:4      | Reached XP level 7. HP: 43/43 MP: 7/7
  3476 | D:5      | Entered Level 5 of the Dungeon
  3756 | D:5      | Noticed Pikel
  3770 | D:5      | Killed Pikel
  3771 | D:5      | Reached XP level 8. HP: 40/48 MP: 8/8
  3803 | D:5      | Found a staircase to the Ecumenical Temple.
  3810 | Temple   | Entered the Ecumenical Temple
  4180 | D:5      | Found a stormy altar of Qazlal.
  4191 | D:5      | Found a glowing golden altar of the Shining One.
  4805 | D:6      | Found Loamez's Antique Weapon Emporium.
  4816 | D:6      | Reached XP level 9. HP: 53/53 MP: 9/9
  4885 | D:6      | Found an opulent altar of Gozag.
  4892 | D:6      | Found an iron altar of Okawaru.
  4893 | D:6      | Found a bloodstained altar of Trog.
  4956 | D:6      | Found a snail-covered altar of Cheibriados.
  4965 | D:6      | Became a worshipper of Cheibriados the Contemplative
  5264 | D:6      | Found a runed translucent gate.
  5265 | D:6      | Found a runed translucent gate.
  5266 | D:6      | Found a runed translucent gate.
  5268 | D:6      | Noticed Fv001's ghost (novice DsFi)
  5294 | D:6      | Killed Fv001's ghost
  5835 | D:7      | Found a hazy altar of Hepliaklqana.
  5982 | D:7      | Noticed Maggie
  5985 | D:7      | Reached skill level 10 in Unarmed Combat
  5998 | D:7      | Killed Maggie
  5998 | D:7      | Reached * piety under Cheibriados
  5999 | D:7      | Reached XP level 10. HP: 43/58 MP: 10/10
  6343 | D:8      | Reached skill level 10 in Shapeshifting
  6749 | D:8      | Identified the +0 ring mail of the Northern Lights {rCorr
                  | Dex+6}
  6832 | D:8      | Noticed a kobold demonologist
  7099 | D:7      | Killed a kobold demonologist
  7099 | D:7      | Reached ** piety under Cheibriados
  7140 | D:8      | Noticed a two-headed ogre
  7446 | D:8      | Killed a two-headed ogre
  7447 | D:8      | Reached XP level 11. HP: 49/63 MP: 11/11
  7473 | D:8      | Reached *** piety under Cheibriados
  7675 | D:8      | Found a staircase to the Lair.
  8467 | D:9      | Noticed a cyclops
  8475 | D:9      | Killed a cyclops
  8499 | D:9      | Found a staircase to the Orcish Mines.
  8745 | D:9      | Reached **** piety under Cheibriados
  9043 | D:9      | Found a blossoming altar of Fedhas.
  9233 | Orc:1    | Entered Level 1 of the Orcish Mines
  9258 | Orc:1    | Found Ogreiny's Magic Scroll Boutique.
  9356 | Orc:1    | HP: 3/63 [kobold blastminer/bolt (15)]
  9356 | Orc:1    | Shot with a bolt by a kobold blastminer

Illustrated notes

Levels and vault maps discovered:
D:1:      minmay_arrival_radiant_lines, layout_loops_ring
D:2:      layout_basic, serial_shops, nicolae_shop_tiny_waterfront,
          ebering_ecumenical_altar_hall, basic_altar, chequers_mini_garden,
          uniq_robin, uniq_natasha
D:3:      layout_loops_ring, serial_shops, shop, kennysheep_flooded_box
D:4:      layout_gridville
D:5:      layout_gridville, amethyst_overflow_temple_binary, temple_fountains,
          uniq_pikel
D:6:      layout_basic, lemuel_round_altar, grunt_temple_overflow_open,
          ebering_ghost_rock_garden, serial_shops, kennysheep_little_box
D:7:      layout_rooms, nicolae_hepliaklqana_hazy_memory,
          chequers_serial_rivers_room_b, uniq_maggie
D:8:      layout_rooms, due_lair_maze_entry_diamond, serial_aquarium,
          aquarium_bridge_square [aquarium_subvault_bridge,
          aquarium_subvault_bridge, aquarium_subvault_bridge,
          aquarium_subvault_wall], aquarium_window_1, aquarium_window_fake,
          aquarium_view_2d, aquarium_view_2b, aquarium_balcony_3a,
          aquarium_pool_2, kennysheep_boxes
D:9:      layout_long_grid, mainiacjoe_overflow_alcove_2, erik_orc_3
Temple:   nicolae_temple_figure_eight
Orc:1:    layout_caves, serial_shops, nicolae_square_shop

Skill      XL: |  1  2  3  4  5  6  7  8  9 10 11 |
---------------+----------------------------------+-----
Unarmed Combat | 4 5 7 8 10 12 | 12.9
Shapeshifting  | 4 5 6 7 9 11 12 | 12.0
Fighting       | |  1.0
Dodging        | |  2.0

Action                     |  1- 3 |  4- 6 |  7- 9 | 10-12 || total
---------------------------+-------+-------+-------+-------++-------
  Melee: Unarmed           |    37 |   129 |   142 |   210 ||   518
         Constrict         |    10 |    36 |    18 |    42 ||   106
         Tentacles         |     9 |    28 |    22 |    49 ||   108
         Punch             |     4 |     3 |     5 |    17 ||    29
         Maw               |       |       |       |    54 ||    54
  Throw: Dart              |       |     1 |     3 |     3 ||     7
  Evoke: Wand              |       |       |     6 |       ||     6
    Use: Scroll            |       |     7 |     3 |     7 ||    17
         Potion            |       |       |     6 |     4 ||    10
   Stab: Sleeping          |     2 |     8 |    10 |     1 ||    21
         Distracted        |       |     1 |       |     3 ||     4
 Armour: Skin              |    16 |    55 |    78 |   169 ||   318
  Dodge: Dodged            |    19 |    70 |    55 |   186 ||   330
   Form: Beast             |     1 |       |     1 |       ||     2
         Maw               |       |       |     1 |     1 ||     2
